 Dungeon Crawl Stone Soup version 0.16.2-2-g470672f (webtiles) character file.

26 dvd the Vexing (level 2, 0/11 HPs)
             Began as a Felid Enchanter on Aug 28, 2015.
             Slain by Ijyb
             ... wielding a +8 club
              (8 damage)
             ... on level 2 of the Dungeon.
             The game lasted 00:09:26 (1937 turns).

dvd the Vexing (Felid Enchanter)                    Turns: 1937, Time: 00:09:26

Health: 0/11       AC:  1    Str:  4    XL:     2   Next: 89%
Magic:  5/6        EV: 18    Int: 16    God:
Gold:   38         SH:  0    Dex: 16    Spells: 2 memorised, 2 levels left
                                        Lives:  0   Deaths: 0

rFire  + . .     SeeInvis +       - Unarmed
rCold  . . .     Clarity  .     (armour unavailable)
rNeg   . . .     SustAb   .     (shield unavailable)
rPois  .         Gourm    .     (helmet unavailable)
rElec  .         Spirit   .     (cloak unavailable)
rCorr  .         Warding  .     (gloves unavailable)
rMut   .         Stasis   .     (boots unavailable)
MR     .....                    (no amulet)
Stlth  +++.......               (no ring)
                                f - ring of protection from fire

@: quick, not resistant to hostile enchantments, fairly stealthy
A: paw claws, no armour, no weapons or thrown items, fangs 3, see invisible,
carnivore 3, speed 1, shaggy fur 1, slow metabolism 1, sharp paws
a: no special abilities


You were on level 2 of the Dungeon.
You were very full.

You visited 1 branch of the dungeon, and saw 2 of its levels.

You collected 38 gold pieces.

Inventory:

Jewellery
 f - a ring of protection from fire (left paw)
 h - an uncursed ring of poison resistance {unknown}
Scrolls
 e - a scroll of noise {unknown}
Potions
 a - a potion of curing {unknown}
 b - a potion of magic {unknown}
Books
 c - a book of Maledictions

   Spells                             Type                      Level
   a - Corona                         Hexes                        1
   b - Sure Blade                     Hexes/Charms                 2
   c - Ensorcelled Hibernation        Hexes/Ice                    2
   d - Confuse                        Hexes                        3
   e - Dazzling Spray                 Conjuration/Hexes            3
   f - Enslavement                    Hexes                        4
Comestibles
 d - 2 meat rations


   Skills:
 + Level 0.2 Fighting
 + Level 3.0 Dodging
 + Level 4.2 Stealth
 + Level 1.0 Unarmed Combat
 + Level 2.3 Spellcasting
 + Level 5.1 Hexes
 + Level 0.3 Ice Magic


You had 2 spell levels left.
You knew the following spells:

 Your Spells              Type           Power        Failure   Level  Hunger
a - Corona                Hex            ###....      2%          1    #......
b - Ensorcelled Hibernat  Hex/Ice        ##....       12%         2    ###....


Dungeon Overview and Level Annotations

Branches:
Dungeon (2/15)

Altars:

Annotations:
D:2 Ijyb


Innate Abilities, Weirdness & Mutations

You cannot wear armour.
You are incapable of wielding weapons or throwing items.
You have razor-sharp teeth.
You have supernaturally acute eyesight.
You are carnivorous and can eat meat at any time.
You cover ground quickly.
You are covered in fur (AC +1).
You have a slow metabolism.
Your paws have sharp claws that are effective at stabbing.


Message History

Ijyb barely misses you.
All of the chunks of flesh in your inventory have rotted away.
There is a stone staircase leading up here.
You scratch Ijyb.
Ijyb begins to bleed from his wounds!
Your bite misses Ijyb.
Ijyb is heavily wounded.
Ijyb misses you.
Casting: Ensorcelled Hibernation
Confirm with . or Enter, or press ? or * to list all spells.
Aiming: Corona
Press: ? - help, Shift-Dir - straight line, f - Ijyb
Aim: Ijyb, wielding an enchanted club and wearing a leather armour (heavily wounded, bleeding, chance 65%) Ijyb is outlined in light.
Ijyb closely misses you.
You barely miss Ijyb. You bite Ijyb.
Ijyb is heavily wounded.
Ijyb hits you with an enchanted club.
You scratch Ijyb but do no damage.
Ijyb is heavily wounded.
Ijyb is no longer bleeding.
Ijyb hits you with an enchanted club!
Ouch! That really hurt!
You die...

#########
#..?..@g#
#.......#
#.......#
#.......#
#.......#
#..........
#........##
#........#
#.........


You could see Ijyb.

Vanquished Creatures
  A worm (D:1)
  A giant cockroach (D:1)
  4 hobgoblins (D:1)
  A ball python (D:1)
  2 bats (D:1)
  2 giant newts (D:1)
  2 goblins (D:1)
  5 kobolds (D:1)
  4 rats (D:1)
22 creatures vanquished.

Notes
Turn   | Place    | Note
--------------------------------------------------------------
     0 | D:1      | dvd, the Felid Enchanter, began the quest for the Orb.
     0 | D:1      | Reached XP level 1. HP: 7/7 MP: 4/4
     2 | D:1      | Noticed an electric eel
   689 | D:1      | Reached XP level 2. HP: 11/11 MP: 5/5
   703 | D:1      | Learned a level 2 spell: Ensorcelled Hibernation
  1423 | D:1      | Reached skill level 5 in Hexes
  1851 | D:2      | Noticed Ijyb
  1937 | D:2      | Slain by Ijyb

Action                   || total
-------------------------++-------
Melee: Unarmed           ||    52
 Cast: Corona            ||     8
       Ensorcelled Hiber ||    12
 Stab: Sleeping          ||    13
  Eat: Chunk             ||     9
